Cogmind - Beta 14 @@@ ROGUE MODE // 2024.10.31 @ 17:08:31 Player: YA-B01 Result: Destroyed by Y-64 Sentinel with KE Penetrator Performance ------------- Evolutions (5) 2500 Regions Visited (20) 4000 Robots Destroyed (232) 1160 Value Destroyed (8701) 8701 Prototype IDs (29) 580 Alien Tech Used (0) 0 Bonus (6360) 6360 TOTAL SCORE: 23301 Bonus ------- High Alert Combat Kills 745 Follower Combat Kills 1946 Entered Garrisons 1000 Used RIF Installer 3000 Friendly Fire -331 Cogmind --------- Core Integrity 0/1000 Matter 274/300 Energy 96/100 System Corruption 7% Temperature Cool (0) Movement Core (50) Location -5/Garrison Parts ------- > --- POWER (1) -------- (None) > --- PROPULSION (5) --- (None) > --- UTILITY (9) ------ (None) > --- WEAPON (2) ------- (None) > --- INVENTORY (5) ---- High-capacity Storage Unit Layered Light Armor Plating Relay Coupler [Hunter] (30) Relay Coupler [Behemoth] (21) Hypervelocity Gauss Rifle Peak State ------------ > --- POWER ------------ Light Nuclear Core > --- PROPULSION ------- Carbon-fiber Leg Carbon-fiber Leg Carbon-fiber Leg Carbon-fiber Leg > --- UTILITY ---------- High-capacity Storage Unit Improved Light Armor Plating Layered Light Armor Plating Layered Light Armor Plating Improved Hacking Suite Relay Coupler [Swarmer] Relay Coupler [Grunt] Relay Coupler [Sentry] Relay Coupler [Hunter] > --- WEAPON ----------- Bore Cannon Great Axe > --- INVENTORY -------- Improved Deuterium Engine High-capacity Storage Unit Advanced Visual Processing Unit Seismic Detector Improved System Shield Relay Coupler [Brawler] Relay Coupler [Duelist] Relay Coupler [Sentry] Relay Coupler [Demolisher] Relay Coupler [Specialist] Relay Coupler [Hunter] Relay Coupler [Hunter] Relay Coupler [Heavy] Relay Coupler [Behemoth] High-powered Shock Rifle Improved Arc Projector Hypervelocity Gauss Rifle Flak Cannon Rocket Launcher Remote Datajack [Rating: 64] Favorites ----------- Power Improved Deuterium Engine Engine Improved Deuterium Engine Power Core Light Nuclear Core Propulsion Wheel Treads Light Treads Leg Carbon-fiber Leg Wheel Wheel Utility High-capacity Storage Unit Device Seismic Detector Storage High-capacity Storage Unit Processor Corruption Screen Hackware Relay Coupler [Grunt] Protection Improved Light Armor Plating Weapon Improved Arc Projector Energy Gun Improved Arc Projector Energy Cannon Advanced Beam Cannon Ballistic Gun Hypervelocity Gauss Rifle Ballistic Cannon Flak Cannon Launcher Grenade Launcher Special Weapon Remote Datajack Impact Weapon Mace Slashing Weapon Great Axe Special Melee Weapon Improved Datajack Build | -11 -10 -10 -9 -9 -9 -8 -8 -8 -8 -8 -7 -7 -6 -6 -6 -6 -5 -5 -5 -5 ------- Run | Yrd Mat Min Mat Min Exi Min Mat Gar Mat Gar Fac Gar Fac Was Fac Ext Fac Gar Fac Gar Slots Evolved 10 | . . . 2 . . . 2 . . . 2 . 2 . . . 2 . . . Power . | . . . . . . . . . . . . . . . . . . . . . Propulsion 3 | . . . 2 . . . 1 . . . . . . . . . . . . . Utility 7 | . . . . . . . 1 . . . 2 . 2 . . . 2 . . . Weapon . | . . . . . . . . . . . . . . . . . . . . . Parts Attached 364 | 9 11 7 19 15 . 9 29 23 27 26 18 50 15 1 19 32 . 31 12 11 Power 26 | 1 2 . 2 1 . 1 4 . 3 1 1 1 1 . 1 4 . 2 . 1 Engine 17 | 1 2 . 1 1 . . 3 . 1 1 1 1 1 . . 3 . 1 . . Core 9 | . . . 1 . . 1 1 . 2 . . . . . 1 1 . 1 . 1 Reactor . | . . . . . . . . . . . . . . . . . . . . . Propulsion 73 | 2 4 1 6 4 . 1 5 2 5 1 7 15 3 . 3 4 . 6 4 . Treads 22 | . . . . . . . 1 2 3 1 4 6 . . 3 2 . . . . Leg 18 | . . . . . . . . . . . . 8 . . . . . 6 4 . Wheel 33 | 2 4 1 6 4 . 1 4 . 2 . 3 1 3 . . 2 . . . . Hover . | . . . . . . . . . . . . . . . . . . . . . Flight . | . . . . . . . . . . . . . . . . . . . . . Utility 101 | 3 1 2 2 4 . 6 10 5 7 11 6 14 4 . 3 8 . 7 5 3 Device 28 | 2 . 1 . 2 . 3 4 . 2 4 3 2 1 . 1 1 . . 1 1 Storage 6 | 1 1 . 1 . . . . . . . . . . . . 2 . . 1 . Processor 1 | . . . . . . . . . . . 1 . . . . . . . . . Hackware 26 | . . . . . . . 1 5 2 4 1 7 1 . . 2 . 2 . 1 Protection 40 | . . 1 1 2 . 3 5 . 3 3 1 5 2 . 2 3 . 5 3 1 Artifact . | . . . . . . . . . . . . . . . . . . . . . Weapon 164 | 3 4 4 9 6 . 1 10 16 12 13 4 20 7 1 12 16 . 16 3 7 Energy Gun 52 | 2 3 . 7 5 . 1 5 2 5 2 . 4 3 . 5 4 . 4 . . Energy Cannon 10 | . . . . . . . 1 2 2 3 . 2 . . . . . . . . Ballistic Gun 3 | 1 . . . . . . . . . . . . . . . 1 . 1 . . Ballistic Cannon 25 | . 1 1 . . . . 1 1 1 2 1 3 1 . 3 3 . 3 1 3 Launcher 19 | . . 2 2 1 . . 3 2 . 3 . 4 . . 1 . . . . 1 Special Weapon 25 | . . 1 . . . . . . . . . 5 1 1 3 6 . 4 1 3 Impact Weapon 4 | . . . . . . . . 4 . . . . . . . . . . . . Slashing Weapon 16 | . . . . . . . . . 1 1 3 2 2 . . 2 . 4 1 . Piercing Weapon . | . . . . . . . . . . . . . . . . . . . . . Special Melee Weapon 10 | . . . . . . . . 5 3 2 . . . . . . . . . . Unidentified Prototypes 2 | . . . . . . . 2 . . . . . . . . . . . . . Corrupted Parts 2 | . . . . . . . . . . . . 1 . . . . . 1 . . System Corruption 5 | . . . . . . . . . . . . 2 . . . . . 3 . . Parts Lost 67 | . . 1 1 3 . 2 6 5 4 2 . 8 6 . 2 6 . 8 . 13 Power 9 | . . . . 1 . . 1 1 . . . . 1 . 1 2 . 1 . 1 Propulsion 35 | . . 1 1 . . 2 3 3 2 2 . 7 3 . 1 3 . 6 . 1 Utility 12 | . . . . . . . . . 1 . . 1 2 . . 1 . 1 . 6 Weapon 11 | . . . . 2 . . 2 1 1 . . . . . . . . . . 5 Highest Loss Streak 13 | . . 1 1 2 . 1 2 1 2 1 . 5 6 . 2 2 . 6 . 13 To Critical Strikes . | . . . . . . . . . . . . . . . . . . . . . Average Slot Usage (%) 93 | . 99 100 97 97 100 99 91 84 90 84 97 94 88 93 96 96 88 89 93 81 Engine 5 | . 14 14 5 10 11 8 5 . . 8 7 6 5 6 2 3 . 2 5 . Core 2 | . . . 5 . . 2 2 5 8 . . . . . 2 1 5 2 . 3 Treads 8 | . . . . . . . 2 18 19 27 22 14 5 . 4 12 11 1 . . Leg 5 | . . . . . . . . . . . . 17 16 13 6 . . 19 22 19 Wheel 19 | . 28 28 41 44 44 43 35 16 17 5 12 1 4 20 20 17 17 2 . . Device 4 | . 14 13 6 5 . 9 2 . 1 4 6 3 2 . . . . . 4 3 Storage 8 | . 14 14 11 11 11 11 9 9 9 9 7 7 6 6 6 6 5 5 5 4 Hackware 13 | . . . . . . . 9 13 10 5 14 22 25 26 26 27 29 27 29 25 Protection 6 | . . . 4 5 11 1 6 4 5 5 7 3 6 6 11 10 5 14 11 10 Energy Gun 8 | . 17 12 17 20 22 22 16 2 5 2 . 1 4 6 9 3 . 1 . . Energy Cannon 1 | . . . . . . . . 2 2 5 7 3 . . . . . . . . Ballistic Cannon 2 | . 10 8 1 . . . . 3 . 2 1 2 2 . . 3 5 . 3 5 Slashing Weapon 1 | . . . . . . . . . 5 3 5 3 1 2 . 1 . 1 4 2 Peak Build Rating 64 | 8 12 11 20 18 18 19 29 27 29 30 38 45 47 43 47 50 48 63 60 64 Average Rating 30 | 5 10 10 17 17 18 17 25 24 26 26 33 36 42 43 43 44 48 56 56 53 On Entrance 30 | . 8 11 10 18 18 18 18 26 22 28 28 35 45 43 43 45 48 48 59 60 Naked Turns 46 | . . . . . . . . . . . . . . . . . . . . 46 Heaviest Build 77 | 14 22 24 58 58 54 56 65 65 63 66 69 67 67 61 70 74 70 77 77 71 Greatest Support 75 | 20 24 24 46 44 44 44 58 40 30 60 40 51 51 30 30 40 30 75 60 60 Greatest Overweight (x) 20 | . 1 . 1 1 1 1 2 5 6 6 6 18 6 2 2 6 2 20 2 3 Average Overweight (x) 1 | . . . . 1 1 1 . 3 2 2 2 1 2 1 1 2 2 . 1 . Largest Inventory Capacity 20 | 8 10 10 20 20 20 20 20 20 20 20 20 20 20 20 20 20 20 20 20 20 Average Capacity 18 | 7 9 10 19 20 20 20 20 20 20 20 20 20 20 20 20 20 20 20 20 18 Most Carried 20 | 8 10 10 20 20 19 20 20 20 20 20 20 20 20 20 20 20 20 20 20 20 Average Carried 18 | 2 8 9 17 19 19 19 19 19 19 19 19 19 18 20 20 19 20 19 19 17 Final Capacity 20 | 8 10 10 20 20 20 20 20 20 20 20 20 20 20 20 20 20 20 20 20 5 Final Carried 20 | 8 10 10 20 19 19 20 20 20 20 19 20 20 20 20 20 20 20 20 20 5 Class Distribution -------------------- 37% | Botlord-Mutant 21% | Bothacker-Mutant 20% | Mutant 20% | Scavenger-Mutant Dominant Class ---------------- Mutant | -10/Materials Mutant | -10/Mines Mutant | -9/Materials Scavenger-Mutant | -9/Mines Scavenger-Mutant | -9/Exiles Scavenger-Mutant | -8/Mines Scavenger-Mutant | -8/Materials Bothacker-Mutant | -8/Garrison Bothacker-Mutant | -8/Materials Bothacker-Mutant | -8/Garrison Scavenger-Mutant | -7/Factory Botlord-Mutant | -7/Garrison Botlord-Mutant | -6/Factory Botlord-Mutant | -6/Waste Botlord-Mutant | -6/Factory Botlord-Mutant | -6/Extension Botlord-Mutant | -5/Factory Botlord-Mutant | -5/Garrison Botlord-Mutant | -5/Factory Botlord-Mutant | -5/Garrison Resources | -11 -10 -10 -9 -9 -9 -8 -8 -8 -8 -8 -7 -7 -6 -6 -6 -6 -5 -5 -5 -5 ----------- Run | Yrd Mat Min Mat Min Exi Min Mat Gar Mat Gar Fac Gar Fac Was Fac Ext Fac Gar Fac Gar Matter Collected 5655 | 280 300 106 315 136 . 60 357 367 274 364 231 822 99 . 422 775 . 434 146 167 Remotely . | . . . . . . . . . . . . . . . . . . . . . Salvage Created 7927 | 190 969 219 549 655 . 250 1817 474 1058 228 267 396 135 . 159 100 . 405 . 56 Parts 473 | 18 64 21 49 24 . 9 87 22 53 17 18 27 15 . 16 6 . 24 . 3 Haulers Intercepted 9 | . 2 . 3 . . . 3 . 1 . . . . . . . . . . . Recyclers Shooed 14 | 1 2 . 2 2 . 1 3 . 1 . 1 . 1 . . . . . . . Parts Field Recycled . | . . . . . . . . . . . . . . . . . . . . . Retrieved Matter . | . . . . . . . . . . . . . . . . . . . . . Parts Self-Destructed . | . . . . . . . . . . . . . . . . . . . . . Prevented . | . . . . . . . . . . . . . . . . . . . . . Kills | -11 -10 -10 -9 -9 -9 -8 -8 -8 -8 -8 -7 -7 -6 -6 -6 -6 -5 -5 -5 -5 ------- Run | Yrd Mat Min Mat Min Exi Min Mat Gar Mat Gar Fac Gar Fac Was Fac Ext Fac Gar Fac Gar Combat Hostiles Destroyed 150 | . 18 11 16 7 . 4 18 14 18 9 1 15 . . 5 2 . 10 . 2 Melee 9 | . . . . . . . . . 4 2 . 1 . . . . . 2 . . Guns 56 | . 11 2 6 6 . 3 7 1 13 1 . . . . 1 . . 5 . . Cannons 35 | . 7 2 . . . . 3 4 1 3 1 7 . . 1 1 . 3 . 2 AOE 41 | . . 7 10 . . . 6 6 . 3 . 6 . . 3 . . . . . Classes Destroyed 17 | 2 8 . 1 2 . 1 1 1 . . . 1 . . . . . . . . Worker 16 | . 1 1 1 2 . . 5 . 2 . . . 3 . 1 . . . . . Builder 10 | . 2 . 3 . . . 1 . . . 1 . 2 . . 1 . . . . Tunneler 11 | 5 1 1 . 2 . 1 1 . . . . . . . . . . . . . Hauler 9 | . 2 . 3 . . . 3 . 1 . . . . . . . . . . . Recycler 14 | 1 2 . 1 4 . . 4 . . . 2 . . . . . . . . . Mechanic 2 | . 1 . . . . . 1 . . . . . . . . . . . . . Operator 6 | . 2 . 1 . . . 1 . 2 . . . . . . . . . . . Watcher 13 | . 3 . 2 . . . 4 . 3 . 1 . . . . . . . . . Swarmer 56 | . 6 7 11 2 . . . 7 3 4 . 7 . . 3 . . 5 . 1 Cutter 4 | . . . . . . . . . . . . 3 . . . . . 1 . . Grunt 57 | . 12 4 1 3 . 3 10 5 12 3 . 1 . . . 1 . 2 . . Brawler 2 | . . . . 1 . . . . . . . . . . 1 . . . . . Duelist 1 | . . . . . . . 1 . . . . . . . . . . . . . Sentry 19 | . . . 4 . . . 6 2 4 . . 3 . . . . . . . . Hunter 2 | . . . . . . 1 1 . . . . . . . . . . . . . Programmer 10 | . . . . . . . . 1 . 2 1 1 . . 1 1 . 2 . 1 Assembled 1 | . . . . 1 . . . . . . . . . . . . . . . . Best Kill Streak 9 | 6 4 3 9 3 . 2 7 5 4 3 1 3 2 . 4 1 . 3 . 1 Combat Bots Only 7 | . 3 3 7 2 . 2 4 5 3 3 1 3 . . 3 1 . 3 . 1 Max Kills in Single Turn 4 | 1 1 3 3 1 . 1 2 3 2 2 1 2 1 . 4 1 . 1 . 1 Gunslinging . | . . . . . . . . . . . . . . . . . . . . . Exploded 3 | . . 3 3 . . . 1 3 . 2 . 2 . . 3 . . . . . Melee 1 | . . . . . . . . . 1 1 . 1 . . . . . 1 . . Uniques/NPCs Destroyed . | . . . . . . . . . . . . . . . . . . . . . Combat | -11 -10 -10 -9 -9 -9 -8 -8 -8 -8 -8 -7 -7 -6 -6 -6 -6 -5 -5 -5 -5 -------- Run | Yrd Mat Min Mat Min Exi Min Mat Gar Mat Gar Fac Gar Fac Was Fac Ext Fac Gar Fac Gar Hostile Shots Fired 1061 | . 50 28 39 25 . 27 63 83 78 56 . 158 116 . 41 123 . 73 4 97 Missed 319 | . 9 8 11 5 . 7 16 27 12 16 . 52 38 . 13 56 . 21 1 27 Damage Taken 10599 | 1 442 263 352 297 . 340 892 734 998 533 24 1372 670 . 332 749 . 1022 76 1502 Core 2277 | 1 73 42 72 34 . 52 177 25 132 163 24 232 103 . 101 39 . 60 . 947 Absorbed by Shields 215 | . . . . . . . . . . 63 . 25 . . . 67 . 50 . 10 Regen/Repaired (Parts) 136 | . 52 . 84 . . . . . . . . . . . . . . . . . Core Remaining (%) 59 | 99 . 53 . . . 60 . . . 9 . 63 . . . 71 . . . . Volleys Fired 761 | 8 78 17 65 52 . 27 97 41 66 28 8 74 31 5 38 82 1 28 2 13 Largest 2 | 2 2 2 2 2 . 2 2 2 2 2 2 2 2 1 2 2 1 2 1 2 Hottest 130 | 90 130 100 130 130 . 101 111 122 130 125 112 123 130 65 130 130 5 98 5 101 Shots Fired 1072 | 16 136 27 100 74 . 50 138 56 92 43 9 88 34 5 53 92 1 42 2 14 Gun 672 | 16 90 10 88 74 . 50 108 21 84 4 . 10 24 1 33 32 . 27 . . Cannon 236 | . 46 10 5 . . . 16 29 8 33 9 33 3 . 4 20 . 10 . 10 Launcher 49 | . . 4 7 . . . 14 6 . 6 . 11 . . 1 . . . . . Special 115 | . . 3 . . . . . . . . . 34 7 4 15 40 1 5 2 4 Kinetic 172 | . 46 10 5 . . . 1 10 2 14 1 18 3 . 4 20 . 28 . 10 Thermal 407 | 16 90 13 88 32 . 27 59 6 34 19 8 15 . . . . . . . . Explosive 25 | . . 4 7 . . . 1 6 . 2 . 4 . . 1 . . . . . Electromagnetic 356 | . . . . 42 . 23 77 34 56 8 . 17 24 1 33 32 . 9 . . Robot Hit Streak 18 | 3 14 7 14 8 . 16 12 8 14 7 6 13 10 8 15 18 3 9 2 4 Robot Miss Streak 8 | 1 4 2 3 3 . 3 6 4 7 3 2 6 3 . 4 4 . 4 . 8 Penetration Max 1 | . . . . . . . . . . . . . . . . . . 1 . . Secondary Targets 1 | . . . . . . . . . 1 . . . . . . . . . . . Max Gunslinging Chain 1 | . . . . . . . . . 1 . . . . . . . . . . . Shots Hit Robots 801 | 9 85 14 68 52 . 40 91 34 110 39 10 65 34 5 39 61 1 30 2 12 Core Hits 450 | 8 37 15 54 25 . 19 66 22 71 15 6 35 10 1 23 9 . 25 . 9 Critical Kills 9 | . . . . . . . . 1 1 2 . 1 . . . . . 3 . 1 Critical Parts Destroyed 8 | . . . . . . . . . . 3 . . . . . 1 . 4 . . Critical Strikes 39 | . 6 1 4 2 . 5 2 1 2 5 . 1 1 . . 1 . 7 . 1 Burn 20 | . 6 1 4 2 . 5 2 . . . . . . . . . . . . . Meltdown 1 | . . . . . . . . . . . . 1 . . . . . . . . Destroy 16 | . . . . . . . . 1 1 5 . . . . . 1 . 7 . 1 Sever 2 | . . . . . . . . . 1 . . . 1 . . . . . . . Melee Attacks 171 | . . . . . . . . 35 50 20 21 12 12 . . 2 . 9 8 2 Impact 25 | . . . . . . . . 25 . . . . . . . . . . . . Slashing 105 | . . . . . . . . . 26 13 21 12 12 . . 2 . 9 8 2 Piercing . | . . . . . . . . . . . . . . . . . . . . . Sneak Attacks 19 | . . . . . . . . 1 11 2 2 2 . . . 1 . . . . Combat Hostiles 7 | . . . . . . . . . 5 . . 2 . . . . . . . . Follow-up Attacks . | . . . . . . . . . . . . . . . . . . . . . Damage Inflicted 16074 | 100 1335 652 1482 757 . 620 2591 1073 2271 1104 309 1342 690 1 649 511 . 410 . 177 Guns 7453 | 98 891 123 950 757 . 620 1437 289 1154 20 . 91 221 1 323 301 . 177 . . Cannons 3032 | . 444 92 51 . . . 240 373 127 556 136 424 76 . 95 134 . 140 . 144 Explosions 3661 | . . 437 481 . . . 914 411 140 338 . 634 75 . 231 . . . . . Melee 1893 | . . . . . . . . . 850 190 173 193 318 . . 76 . 93 . . Ramming 35 | 2 . . . . . . . . . . . . . . . . . . . 33 Kinetic 1885 | . 444 92 51 . . . . 20 52 257 7 291 76 . 95 134 . 222 . 144 Thermal 4967 | 98 891 123 1003 334 . 243 900 46 540 299 129 286 75 . . . . . . . Explosive 2105 | . . 437 428 . . . . 411 . 279 . 319 . . 231 . . . . . Electromagnetic 5189 | . . . . 423 . 377 1691 596 829 79 . 253 221 1 323 301 . 95 . . Impact . | . . . . . . . . . . . . . . . . . . . . . Slashing 1893 | . . . . . . . . . 850 190 173 193 318 . . 76 . 93 . . Piercing . | . . . . . . . . . . . . . . . . . . . . . Highest Corruption 7 | . . . . . . . 2 . . 5 . 5 . . 1 2 . 4 4 7 Average Corruption 2 | . . . . . . . 1 . . 4 . 3 . . 1 1 . 3 4 4 Corruption Purged 2 | . . . . . . . 2 . . . . . . . . . . . . . Corruption Blocked . | . . . . . . . . . . . . . . . . . . . . . Effects 112 | . . . . . . . 5 . . 16 . 9 . . 5 29 . 22 14 12 Message Errors 30 | . . . . . . . 1 . . 4 . 2 . . . 8 . 7 4 4 Matter Fused 28 | . . . . . . . 1 . . 2 . 1 . . 3 11 . 6 3 1 Heat Flow Errors 17 | . . . . . . . 2 . . 2 . 2 . . . 4 . 3 1 3 Energy Discharges 18 | . . . . . . . 1 . . 3 . 4 . . 1 1 . 4 2 2 Parts Fused 1 | . . . . . . . . . . . . . . . . 1 . . . . Data Loss (minor) 14 | . . . . . . . . . . 3 . . . . 1 3 . 2 3 2 Data Loss (major) 3 | . . . . . . . . . . 2 . . . . . . . . 1 . Misfires 1 | . . . . . . . . . . . . . . . . 1 . . . . Overload Shots . | . . . . . . . . . . . . . . . . . . . . . Overflow Damage 281 | . . 15 . . . . 6 2 82 18 31 45 . . 36 46 . . . . Projectiles 2 | . . . . . . . . . . 2 . . . . . . . . . . Explosions 152 | . . 15 . . . . 6 2 34 14 . 45 . . 36 . . . . . Melee 127 | . . . . . . . . . 48 2 31 . . . . 46 . . . . Knockbacks 34 | . 8 . . . . . . . . 3 . 7 5 . 2 1 . 5 . 3 Impact . | . . . . . . . . . . . . . . . . . . . . . Kinetic 34 | . 8 . . . . . . . . 3 . 7 5 . 2 1 . 5 . 3 Secondary . | . . . . . . . . . . . . . . . . . . . . . Self-Inflicted Damage 257 | 1 . . . . . . 84 38 56 . . 65 . . . . . . . 13 Shots 10 | . . . . . . . 5 2 1 . . 2 . . . . . . . . Rammed 13 | 1 . . . . . . . . . . . . . . . . . . . 12 Targets Rammed 14 | 1 . . . . . . . . . . . . . . . . . . . 13 Kicked 1 | . . . . . . . . . . . . . . . . . . . . 1 Crushed . | . . . . . . . . . . . . . . . . . . . . . Highest Temperature 405 | 210 393 240 360 309 . 369 370 189 405 404 96 360 165 8 196 342 . 175 245 260 Average Temperature 96 | 98 99 102 90 85 . 152 76 55 133 130 34 133 36 6 72 87 . 42 115 121 Received Heat Transfer 2671 | . 213 114 81 96 . 108 315 237 441 133 . 156 162 . 48 265 . 167 36 99 Effects 19 | . 3 . 4 . . 4 1 . 2 3 . 1 . . . 1 . . . . Shutdowns 4 | . . . 1 . . 1 . . 1 1 . . . . . . . . . . Energy Bleed 5 | . 2 . 2 . . . . . . 1 . . . . . . . . . . Interference 6 | . . . 1 . . 2 1 . 1 1 . . . . . . . . . . Matter Decay 1 | . . . . . . . . . . . . 1 . . . . . . . . Short Circuit 2 | . 1 . . . . . . . . . . . . . . 1 . . . . Damage (minor) 1 | . . . . . . 1 . . . . . . . . . . . . . . Siege Activations . | . . . . . . . . . . . . . . . . . . . . . Robots Corrupted 8 | . . . . 1 . . 3 3 . . . . . . . 1 . . . . Combat Hostiles 7 | . . . . 1 . . 2 3 . . . . . . . 1 . . . . Parts Fried 24 | . . . . 2 . . 10 2 9 . . . . . . 1 . . . . Impact Corruptions . | . . . . . . . . . . . . . . . . . . . . . Robots Melted 2 | . . . . . . 1 . . . . . 1 . . . . . . . . Combat Hostiles 2 | . . . . . . 1 . . . . . 1 . . . . . . . . Parts Melted 21 | . 5 . 5 2 . 1 4 . . . . 4 . . . . . . . . Heat Transferred 11537 | 261 2664 370 2469 965 . 999 2041 50 661 363 222 372 100 . . . . . . . Parts Sabotaged 9 | . . . . . . . . . . . . 9 . . . . . . . . Parts Stolen . | . . . . . . . . . . . . . . . . . . . . . Parts Stripped . | . . . . . . . . . . . . . . . . . . . . . Power Chain Reactions 13 | . . . . . . . 7 . 1 . . 3 2 . . . . . . . Alert | -11 -10 -10 -9 -9 -9 -8 -8 -8 -8 -8 -7 -7 -6 -6 -6 -6 -5 -5 -5 -5 ------- Run | Yrd Mat Min Mat Min Exi Min Mat Gar Mat Gar Fac Gar Fac Was Fac Ext Fac Gar Fac Gar Peak Influence 1346 | 30 353 328 781 445 . 105 517 1011 902 782 454 1346 729 191 222 228 65 656 354 172 Initial 706 | . 19 73 96 280 . . 37 336 492 362 410 53 706 176 133 35 65 45 344 143 Average 347 | 13 199 193 556 223 . 31 252 698 676 571 273 488 631 185 131 63 65 300 281 140 Maximum Alert Level 4 | . 1 1 3 2 . . 2 3 3 3 2 4 3 . 1 1 . 2 1 . Low Security (%) 37 | 100 39 63 16 41 . 100 37 . . . 36 13 . 100 85 93 100 35 19 100 Level 1 24 | . 60 36 8 36 . . 46 12 . 7 31 32 . . 14 6 . 45 80 . Level 2 24 | . . . 36 21 . . 16 33 65 86 31 31 49 . . . . 19 . . Level 3 11 | . . . 38 . . . . 54 34 5 . 16 50 . . . . . . . Level 4 . | . . . . . . . . . . . . 5 . . . . . . . . Level 5 . | . . . . . . . . . . . . . . . . . . . . . High Security . | . . . . . . . . . . . . . . . . . . . . . Max Security . | . . . . . . . . . . . . . . . . . . . . . Squads Dispatched 19 | . 4 1 . . . . 2 . 4 . 2 . 2 . 1 3 . . . . Investigation 3 | . 1 . . . . . . . 1 . . . . . . 1 . . . . Extermination 3 | . . . . . . . . . . . 2 . 1 . . . . . . . Reinforcement 10 | . 3 . . . . . 2 . 3 . . . . . . 2 . . . . Assault 1 | . . 1 . . . . . . . . . . . . . . . . . . Garrison 2 | . . . . . . . . . . . . . 1 . 1 . . . . . Intercept . | . . . . . . . . . . . . . . . . . . . . . Searches Triggered . | . . . . . . . . . . . . . . . . . . . . . Construction Impeded 2 | . . . . . . . . . . . . . . . . 2 . . . . Haulers Reinforced . | . . . . . . . . . . . . . . . . . . . . . Active Scanning Responses . | . . . . . . . . . . . . . . . . . . . . . Cargo Convoy Interrupts . | . . . . . . . . . . . . . . . . . . . . . Alert ID Control Effect 26 | . . . . . . . . . 3 4 . 12 . . . 4 . 2 . 1 Stealth | -11 -10 -10 -9 -9 -9 -8 -8 -8 -8 -8 -7 -7 -6 -6 -6 -6 -5 -5 -5 -5 --------- Run | Yrd Mat Min Mat Min Exi Min Mat Gar Mat Gar Fac Gar Fac Was Fac Ext Fac Gar Fac Gar Distress Signals 25 | . 3 . 4 . . . 6 . 7 . 1 . . . 2 2 . . . . Communications Jammed . | . . . . . . . . . . . . . . . . . . . . . Distress Signals . | . . . . . . . . . . . . . . . . . . . . . Times Spotted 386 | . 29 13 36 11 . 7 48 24 48 18 5 42 4 6 22 27 . 26 3 17 Peak Tracking Total 9 | . 4 3 6 3 . 3 7 6 5 6 2 8 2 5 4 4 . 7 1 9 Tactical Retreats 34 | . . . 2 1 . 2 6 3 5 1 1 2 . . 2 . . 6 1 2 Traps | -11 -10 -10 -9 -9 -9 -8 -8 -8 -8 -8 -7 -7 -6 -6 -6 -6 -5 -5 -5 -5 ------- Run | Yrd Mat Min Mat Min Exi Min Mat Gar Mat Gar Fac Gar Fac Was Fac Ext Fac Gar Fac Gar Traps Triggered 29 | . . . . . . . 1 . . 2 5 5 2 . 1 2 . 7 2 2 Indirectly . | . . . . . . . . . . . . . . . . . . . . . Trap Hack Attempts 19 | . . . . . . . . 9 . 10 . . . . . . . . . . Triggered . | . . . . . . . . . . . . . . . . . . . . . Disarmed . | . . . . . . . . . . . . . . . . . . . . . Reprogrammed 1 | . . . . . . . . . . 1 . . . . . . . . . . Reused 1 | . . . . . . . . . . 1 . . . . . . . . . . Traps Extracted . | . . . . . . . . . . . . . . . . . . . . . Installed . | . . . . . . . . . . . . . . . . . . . . . Triggered 4 | . . . . 1 . . 1 . 1 1 . . . . . . . . . . Machines | -11 -10 -10 -9 -9 -9 -8 -8 -8 -8 -8 -7 -7 -6 -6 -6 -6 -5 -5 -5 -5 ---------- Run | Yrd Mat Min Mat Min Exi Min Mat Gar Mat Gar Fac Gar Fac Was Fac Ext Fac Gar Fac Gar Machines Disabled 33 | . . 3 6 . . . 3 4 1 4 1 5 . . 2 . . 4 . . Max in Single Turn 5 | . . 1 5 . . . 1 1 1 1 1 1 . . . . . 1 . . Garrison Relay 14 | . . . . . . . . 4 . 2 . 5 . . . . . 3 . . Machines Repaired . | . . . . . . . . . . . . . . . . . . . . . Machines Dismantled . | . . . . . . . . . . . . . . . . . . . . . Machines Sabotaged . | . . . . . . . . . . . . . . . . . . . . . Overloaded Fab Kills . | . . . . . . . . . . . . . . . . . . . . . Hacking | -11 -10 -10 -9 -9 -9 -8 -8 -8 -8 -8 -7 -7 -6 -6 -6 -6 -5 -5 -5 -5 --------- Run | Yrd Mat Min Mat Min Exi Min Mat Gar Mat Gar Fac Gar Fac Was Fac Ext Fac Gar Fac Gar Machines Accessed 76 | . 8 1 15 . 1 . 11 2 6 2 5 4 1 . 3 13 1 2 1 . Terminals 54 | . 5 1 10 . . . 6 2 5 2 1 4 1 . 3 12 . 2 . . Fabricators 2 | . . . . . . . . . . . 2 . . . . . . . . . Repair Stations 4 | . 1 . 1 . . . 1 . . . 1 . . . . . . . . . Recycling Units 7 | . 2 . 2 . . . 2 . . . . . . . . 1 . . . . Scanalyzers 3 | . . . 2 . . . 1 . . . . . . . . . . . . . Garrison Access 5 | . . . . . . . 1 . 1 . 1 . . . . . 1 . 1 . Total Hacks 230 | . 31 3 81 . 4 . 31 2 12 3 13 6 2 . 7 31 1 2 1 . Successful 146 | . 18 1 63 . 4 . 20 2 6 1 5 1 . . 3 19 1 1 1 . Failed 84 | . 13 2 18 . . . 11 . 6 2 8 5 2 . 4 12 . 1 . . Catastrophic 14 | . 3 . 3 . . . 2 . 2 . . 2 1 . . . . 1 . . Database Lockouts . | . . . . . . . . . . . . . . . . . . . . . Manual 62 | . 10 2 11 . . . 16 . 5 . 8 . . . 4 6 . . . . Terminals 135 | . 21 3 32 . . . 16 2 10 3 2 6 2 . 7 29 . 2 . . Fabricators 4 | . . . . . . . . . . . 4 . . . . . . . . . Repair Stations 11 | . 3 . 3 . . . 2 . . . 3 . . . . . . . . . Recycling Units 22 | . 7 . 7 . . . 6 . . . . . . . . 2 . . . . Scanalyzers 44 | . . . 39 . . . 5 . . . . . . . . . . . . . Garrison Access 10 | . . . . . . . 2 . 2 . 4 . . . . . 1 . 1 . Terminal Hacks 63 | . 10 1 18 . 4 . 6 2 3 1 . 1 . . 2 14 . 1 . . Record 6 | . . 1 1 . 4 . . . . . . . . . . . . . . . Part Schematic 1 | . . . . . . . 1 . . . . . . . . . . . . . Robot Analysis 3 | . 1 . . . . . . . . . . . . . . 2 . . . . Prototype ID Bank 12 | . 1 . 6 . . . 1 . 1 . . . . . 1 2 . . . . Open Door 3 | . . . . . . . . . . . . . . . . 3 . . . . Emergency Access Points 2 | . . . 1 . . . . 1 . . . . . . . . . . . . Garrison Index 1 | . . . . . . . 1 . . . . . . . . . . . . . Alert Level 3 | . 2 . . . . . 1 . . . . . . . . . . . . . Unreport Threat 3 | . . . . . . . 1 . 1 . . . . . 1 . . . . . Locate Traps 13 | . 1 . 6 . . . 1 . 1 . . . . . . 4 . . . . Dispatch Records 2 | . 1 . 1 . . . . . . . . . . . . . . . . . Maintenance Status 1 | . 1 . . . . . . . . . . . . . . . . . . . Hauler Manifests 1 | . 1 . . . . . . . . . . . . . . . . . . . Registered Components 1 | . 1 . . . . . . . . . . . . . . . . . . . Zone Layout 7 | . 1 . 3 . . . . . . . . . . . . 3 . . . . Garrison Registry 1 | . . . . . . . . 1 . . . . . . . . . . . . Patrol Navigation 2 | . . . . . . . . . . . . 1 . . . . . 1 . . Security Stations 1 | . . . . . . . . . . 1 . . . . . . . . . . Fabricator Hacks . | . . . . . . . . . . . . . . . . . . . . . Repair Station Hacks 6 | . 2 . 2 . . . 1 . . . 1 . . . . . . . . . Scan Component 4 | . 1 . 1 . . . 1 . . . 1 . . . . . . . . . Repair 2 | . 1 . 1 . . . . . . . . . . . . . . . . . Recycling Unit Hacks 7 | . 2 . 2 . . . 2 . . . . . . . . 1 . . . . Report Inventory 1 | . 1 . . . . . . . . . . . . . . . . . . . Retrieve Components 6 | . 1 . 2 . . . 2 . . . . . . . . 1 . . . . Scanalyzer 41 | . . . 36 . . . 5 . . . . . . . . . . . . . Insert Component 18 | . . . 16 . . . 2 . . . . . . . . . . . . . Analyze 23 | . . . 20 . . . 3 . . . . . . . . . . . . . Garrison Access Hacks 7 | . . . . . . . 1 . 2 . 2 . . . . . 1 . 1 . Unlock Access 5 | . . . . . . . 1 . 1 . 1 . . . . . 1 . 1 . Coupler Status 2 | . . . . . . . . . 1 . 1 . . . . . . . . . Unauthorized Hacks 22 | . 4 . 5 . . . 5 . 1 . 2 . . . 1 4 . . . . Terminals 11 | . 1 . 2 . . . 2 . 1 . . . . . 1 4 . . . . Botnet 10 | . 1 . 2 . . . 2 . 1 . . . . . . 4 . . . . Operators 1 | . . . . . . . . . . . . . . . 1 . . . . . Fabricators . | . . . . . . . . . . . . . . . . . . . . . Repair Stations . | . . . . . . . . . . . . . . . . . . . . . Recycling Units 9 | . 3 . 3 . . . 3 . . . . . . . . . . . . . Monitor 1 | . 1 . . . . . . . . . . . . . . . . . . . Recyclers 3 | . 1 . 1 . . . 1 . . . . . . . . . . . . . Mask 5 | . 1 . 2 . . . 2 . . . . . . . . . . . . . Scanalyzers . | . . . . . . . . . . . . . . . . . . . . . Garrison Access 2 | . . . . . . . . . . . 2 . . . . . . . . . Broadcast 1 | . . . . . . . . . . . 1 . . . . . . . . . Watchers 1 | . . . . . . . . . . . 1 . . . . . . . . . Data Cores Recovered . | . . . . . . . . . . . . . . . . . . . . . Used . | . . . . . . . . . . . . . . . . . . . . . Hacking Detections 64 | . 7 1 13 . . . 10 1 6 1 5 3 1 . 3 11 . 2 . . Full Trace Events 5 | . 2 1 . . . . . . . . . 1 . . . 1 . . . . Feedback Events . | . . . . . . . . . . . . . . . . . . . . . Feedback Blocked . | . . . . . . . . . . . . . . . . . . . . . Robot Schematics Acquired . | . . . . . . . . . . . . . . . . . . . . . Robots Built . | . . . . . . . . . . . . . . . . . . . . . Authchips . | . . . . . . . . . . . . . . . . . . . . . Time . | . . . . . . . . . . . . . . . . . . . . . Total Robot Build Rating . | . . . . . . . . . . . . . . . . . . . . . Part Schematics Acquired 17 | . . . 15 . . . 2 . . . . . . . . . . . . . Parts Built . | . . . . . . . . . . . . . . . . . . . . . Authchips . | . . . . . . . . . . . . . . . . . . . . . Time . | . . . . . . . . . . . . . . . . . . . . . Total Part Build Rating . | . . . . . . . . . . . . . . . . . . . . . Parts Repaired 2 | . 1 . 1 . . . . . . . . . . . . . . . . . Time 64 | . 32 . 32 . . . . . . . . . . . . . . . . . Parts Recycled . | . . . . . . . . . . . . . . . . . . . . . Recycled Matter . | . . . . . . . . . . . . . . . . . . . . . Retrieved Matter . | . . . . . . . . . . . . . . . . . . . . . Retrieved Components 20 | . . . 1 . . . 18 . . . . . . . . 1 . . . . Parts Scanalyzed 17 | . . . 15 . . . 2 . . . . . . . . . . . . . Part Schematics Acquired 17 | . . . 15 . . . 2 . . . . . . . . . . . . . Parts Damaged 1 | . . . 1 . . . . . . . . . . . . . . . . . Bothacking | -11 -10 -10 -9 -9 -9 -8 -8 -8 -8 -8 -7 -7 -6 -6 -6 -6 -5 -5 -5 -5 ------------ Run | Yrd Mat Min Mat Min Exi Min Mat Gar Mat Gar Fac Gar Fac Was Fac Ext Fac Gar Fac Gar Used RIF Installer 6 | . . . . . . . . 2 . 1 . 1 . . . . . 1 . 1 Coupler Efficiency 2 | . . . . . . . . . . . . . . . . . . 1 . 1 Hotswap 1 | . . . . . . . . . . . . 1 . . . . . . . . Alert ID Control 1 | . . . . . . . . 1 . . . . . . . . . . . . Structural Interface 1 | . . . . . . . . . . 1 . . . . . . . . . . Robots Hacked 62 | . . . . . . . . 5 10 4 . 16 2 4 3 11 . 3 1 3 Non-combat 10 | . . . . . . . . . . . . . 2 . 3 5 . . . . Combat 52 | . . . . . . . . 5 10 4 . 16 . 4 . 6 . 3 1 3 Robot Hacks Applied 80 | . . . . . . . . 5 16 4 . 17 4 4 8 14 . 3 2 3 parse_system 4 | . . . . . . . . . 1 . . 2 . . . 1 . . . . no_distress 4 | . . . . . . . . . . . . . . . 3 1 . . . . generate_echo 2 | . . . . . . . . . . . . . . . 1 1 . . . . deconstruct_machine 1 | . . . . . . . . . . . . . . . . 1 . . . . map_walls 1 | . . . . . . . . . . . . . . . . 1 . . . . randomize_corridors 1 | . . . . . . . . . . . . . 1 . . . . . . . map_earth 1 | . . . . . . . . . . . . . 1 . . . . . . . find_fabricator 1 | . . . . . . . . . . . . . . . 1 . . . . . find_dsf 1 | . . . . . . . . . . . . . . . 1 . . . . . drop_inventory 2 | . . . . . . . . . . . . . . . 1 1 . . . . find_station 1 | . . . . . . . . . . . . . . . 1 . . . . . check_alert 1 | . . . . . . . . . . . . . 1 . . . . . . . disarm_traps 1 | . . . . . . . . . . . . . . . . 1 . . . . block_reporting 3 | . . . . . . . . . . . . . 1 . . 2 . . . . ignore_targets 4 | . . . . . . . . . . . . . . 4 . . . . . . find_shortcuts 3 | . . . . . . . . . 3 . . . . . . . . . . . find_garrison 2 | . . . . . . . . . 1 . . . . . . . . . 1 . link_complan 1 | . . . . . . . . . 1 . . . . . . . . . . . spike_heat 5 | . . . . . . . . 1 2 . . 2 . . . . . . . . wipe_record 1 | . . . . . . . . . . . . . . . . . . . 1 . reboot_system 4 | . . . . . . . . . 2 . . 2 . . . . . . . . overwrite_iff 19 | . . . . . . . . 3 5 1 . 5 . . . 2 . . . 3 formatsys_high 17 | . . . . . . . . 1 1 3 . 6 . . . 3 . 3 . . Relay Couplers Released 59 | . . . . . . . . 16 . 12 . 21 . . . . . 10 . . Machine Destruction 55 | . . . . . . . . 16 . 8 . 21 . . . . . 10 . . Programmers 4 | . . . . . . . . . . 4 . . . . . . . . . . Attached 23 | . . . . . . . . 5 2 4 . 7 1 . . 1 . 2 . 1 Fabnet Peak Effective % . | . . . . . . . . . . . . . . . . . . . . . Robots Rewired 14 | . . . . . . . . . . . . . 1 . 1 11 1 . . . Allies Hacked 1 | . . . . . . . . . . . . . . . . . . 1 . . Hacks Repelled . | . . . . . . . . . . . . . . . . . . . . . Allies | -11 -10 -10 -9 -9 -9 -8 -8 -8 -8 -8 -7 -7 -6 -6 -6 -6 -5 -5 -5 -5 -------- Run | Yrd Mat Min Mat Min Exi Min Mat Gar Mat Gar Fac Gar Fac Was Fac Ext Fac Gar Fac Gar Total Allies 58 | . . 4 . . . . . 4 6 4 . 11 1 . 1 20 1 3 . 3 Largest Group 14 | . . 3 2 . . . . 2 1 1 . 3 1 . 1 14 13 11 . 1 Highest-Rated Group 553 | . . 55 47 . . . . 31 29 29 . 64 28 . 32 553 522 321 . 12 Highest-Rated Ally 159 | . . 31 31 . . . . 29 29 29 . 32 28 . 32 159 159 49 . 12 Total Orders 9 | . . . . . . . . . 1 2 . 1 . . . 3 . 2 . . STAY 6 | . . . . . . . . . 1 . . 1 . . . 3 . 1 . . ROAM 1 | . . . . . . . . . . 1 . . . . . . . . . . FOLLOW 2 | . . . . . . . . . . 1 . . . . . . . 1 . . Ally Attacks 312 | . . 10 32 . . . . 24 15 26 . 50 7 . 16 66 . 61 . 5 Total Damage 6077 | . . 66 465 . . . . 454 205 372 . 975 157 . 579 1786 . 959 . 59 Kills 69 | . . 2 13 . . . . 3 3 4 . 12 1 . 8 14 . 8 . 1 Allies Corrupted 1 | . . . . . . . . . . . . . . . . 1 . . . . Allies Melted . | . . . . . . . . . . . . . . . . . . . . . Intel | -11 -10 -10 -9 -9 -9 -8 -8 -8 -8 -8 -7 -7 -6 -6 -6 -6 -5 -5 -5 -5 ------- Run | Yrd Mat Min Mat Min Exi Min Mat Gar Mat Gar Fac Gar Fac Was Fac Ext Fac Gar Fac Gar Robot Analysis Total 3 | . 1 . . . . . . . . . . . . . . 2 . . . . Derelict Logs Recovered 4 | . . 3 . 1 . . . . . . . . . . . . . . . . Drone Launches . | . . . . . . . . . . . . . . . . . . . . . Drone Recoveries . | . . . . . . . . . . . . . . . . . . . . . Exploration | -11 -10 -10 -9 -9 -9 -8 -8 -8 -8 -8 -7 -7 -6 -6 -6 -6 -5 -5 -5 -5 ------------- Run | Yrd Mat Min Mat Min Exi Min Mat Gar Mat Gar Fac Gar Fac Was Fac Ext Fac Gar Fac Gar Turns Passed 21342 | 106 1285 776 1386 1366 148 1160 1453 1296 1305 1273 1269 2700 634 109 803 1727 46 1312 686 502 Spaces Moved 12977 | 70 937 734 1107 958 149 665 1055 750 752 543 801 1064 270 99 575 1095 40 712 332 269 Core 111 | 1 . . . . . . . . . . . 4 . . . . . 14 . 92 Treads 804 | . . . . . . . . . . 246 87 290 87 . . 94 . . . . Legs 1752 | . . . . . . . . . . . . 618 46 . . . . 579 332 177 Wheels 10310 | 69 937 734 1107 958 149 665 1055 750 752 297 714 152 137 99 575 1001 40 119 . . Hover . | . . . . . . . . . . . . . . . . . . . . . Flight . | . . . . . . . . . . . . . . . . . . . . . Fastest Speed 50 | 50 80 90 90 100 100 97 86 95 95 110 110 125 110 95 95 95 110 110 190 50 Average Speed 126 | 79 89 90 100 100 100 98 95 125 118 185 141 219 188 101 106 125 110 145 190 143 Slowest Speed 1050 | 80 105 90 105 100 100 100 110 155 170 410 400 950 330 110 110 240 110 1050 260 330 Overloaded Moves . | . . . . . . . . . . . . . . . . . . . . . Propulsion Burnouts . | . . . . . . . . . . . . . . . . . . . . . Robots Hopped . | . . . . . . . . . . . . . . . . . . . . . Cave-ins Triggered . | . . . . . . . . . . . . . . . . . . . . . Exploration Rate (%) 56 | 4 99 98 95 98 50 90 78 62 52 48 18 98 10 81 16 89 2 71 9 22 Regions Visited 20 Branch Regions 5 Pre-discovered Areas 6 | . . 4 . 1 1 . . . . . . . . . . . . . . . Known Exits Taken 5 | . . . . . . . 1 . 1 . 1 . . . . . 1 . 1 . Unknown Exits Taken 9 | 1 1 1 1 1 1 1 . . . . . . . . 1 1 . . . . Scrap Searched 5 | . . 3 . 1 . 1 . . . . . . . . . . . . . . Spaces Dug 82 | . . 1 . . . . 9 10 5 . 16 16 3 . . 10 . 2 8 2 Terrain Destroyed 257 | . . 24 37 . . . 31 31 16 7 16 58 5 . 5 15 . 2 8 2 Melee 48 | . . . . . . . . 6 5 . 16 5 3 . . 1 . 2 8 2 Projectile 26 | . . 3 . . . . 1 1 3 4 . . . . . 14 . . . . AOE 183 | . . 21 37 . . . 30 24 8 3 . 53 2 . 5 . . . . . Terrain Rammed . | . . . . . . . . . . . . . . . . . . . . . Walls Destroyed . | . . . . . . . . . . . . . . . . . . . . . Machines Disabled . | . . . . . . . . . . . . . . . . . . . . . Actions | -11 -10 -10 -9 -9 -9 -8 -8 -8 -8 -8 -7 -7 -6 -6 -6 -6 -5 -5 -5 -5 --------- Run | Yrd Mat Min Mat Min Exi Min Mat Gar Mat Gar Fac Gar Fac Was Fac Ext Fac Gar Fac Gar Total 16610 | 100 1258 813 1288 1291 148 1118 1360 1005 1035 744 895 1329 339 104 712 1370 41 926 369 365 Wait 1972 | 5 204 55 57 258 . 412 150 117 122 97 32 87 9 . 77 142 . 96 8 44 Move 12964 | 70 936 733 1106 957 148 664 1055 749 752 542 801 1063 270 98 574 1094 40 711 332 269 Hop . | . . . . . . . . . . . . . . . . . . . . . Pick Up 135 | 8 12 1 23 3 . 3 11 16 7 8 8 16 2 . 1 6 . 7 2 1 Fast Attach 87 | 6 2 . 4 1 . . 10 2 4 . 9 18 5 . 5 5 . 8 6 2 Attach 37 | 1 1 1 3 2 . 1 2 3 2 4 3 6 2 . . 1 . 3 . 2 Detach 13 | . . . 1 . . . 1 2 . 3 1 3 . . . . . 1 . 1 Swap 240 | 2 8 6 12 12 . 8 17 18 21 22 6 26 8 1 14 26 . 20 6 7 Drop 131 | . 17 . 17 6 . 3 17 13 11 5 6 12 . . 3 7 . 8 5 1 Fire 761 | 8 78 17 65 52 . 27 97 41 66 28 8 74 31 5 38 82 1 28 2 13 Melee 171 | . . . . . . . . 35 50 20 21 12 12 . . 2 . 9 8 2 Ram 12 | . . . . . . . . . . . . . . . . . . . . 12 Kick 1 | . . . . . . . . . . . . . . . . . . . . 1 Crush . | . . . . . . . . . . . . . . . . . . . . . Escape Stasis 65 | . . . . . . . . . . 5 . 12 . . . 5 . 33 . 10 Rewire 2 | . . . . . . . . . . . . . . . . . . 2 . . Trap 19 | . . . . . . . . 9 . 10 . . . . . . . . . . Miscellaneous . | . . . . . . . . . . . . . . . . . . . . . Route ------- -11/Scrapyard -10/Materials (discovered 6 exits: *Mat x3 / *Min x2 / [*Sub]) -10/Mines (discovered 2 exits: *Mat x2) -9/Materials (discovered 6 exits: *Mat x3 / [*Min x2] / [*Sto]) -9/Mines (discovered 4 exits: *Mat x2 / *Exi / [*Zio]) -9/Exiles -8/Mines -8/Materials (discovered 3 exits: *Fac x2 / Gar) -8/Garrison (discovered 3 exits: *Mat x3) -8/Materials (discovered 3 exits: *Fac x2 / Gar) -8/Garrison -7/Factory (discovered 2 exits: [*Low] / Gar) -7/Garrison (discovered 3 exits: *Fac x3) -6/Factory -6/Waste -6/Factory -6/Extension (discovered 2 exits: *Fac / [*Cet]) -5/Factory -5/Garrison (discovered 2 exits: *Fac x2) -5/Factory -5/Garrison History --------- Turn | Location | Event 31 | -11/Scrapyard | Discovered new exit (range 15) 107 | -11/Scrapyard | Entered Materials 215 | -10/Materials | Discovered new exit (range 10) 313 | -10/Materials | Build established: Mutant 412 | -10/Materials | Repaired Arm. Wheel 619 | -10/Materials | Discovered new exit (range 10) 767 | -10/Materials | Discovered new exit (range 15) 931 | -10/Materials | Discovered new exit (range 12) 1219 | -10/Materials | Discovered new exit (range 6) 1323 | -10/Materials | Discovered new exit (range 6) 1392 | -10/Materials | Entered Mines 1436 | -10/Mines | Learned location of Storage (-9) 1498 | -10/Mines | Assisted by bots powering up and referring to "LRC-V3" 1499 | -10/Mines | Learned location of Recycling (-9) 1537 | -10/Mines | Discovered new exit (range 13) 1740 | -10/Mines | Discovered new exit (range 3) 1893 | -10/Mines | Met a Derelict testing a Signal Generator 1960 | -10/Mines | Found a hidden stash of uninstalled traps 2168 | -10/Mines | Entered Materials 2168 | -9/Materials | Accompanied by 2 allies 2168 | -9/Materials | Evolved 2 slots: Propulsion x2 2378 | -9/Materials | Discovered new exit (range 10) 2389 | -9/Materials | Discovered new exit (range 15) 2558 | -9/Materials | Destroyed 7 combat bots 2653 | -9/Materials | Discovered new exit (range 16) 2888 | -9/Materials | Repaired Arm. Wheel? 3076 | -9/Materials | Discovered new exit (range 5) 3100 | -9/Materials | Discovered new exit (range 4) 3413 | -9/Materials | Discovered new exit (range 11) 3554 | -9/Materials | Entered Mines 3690 | -9/Mines | A Derelict revealed a hidden shortcut to a safe place 3834 | -9/Mines | A weapon hastily lodged in a ceiling crevice suddenly fell to the ground 3866 | -9/Mines | Assembled infested the area 4072 | -9/Mines | Discovered new exit (range 9) 4076 | -9/Mines | Build established: Scavenger-Mutant 4103 | -9/Mines | Deemed a non-threat by the Exiles lab entrance 4103 | -9/Mines | Discovered new exit (range 5) 4211 | -9/Mines | Learned location of Zion (-7) 4286 | -9/Mines | Discovered new exit (range 9) 4920 | -9/Mines | Entered Exiles 4945 | -9/Exiles | Met 8R-AWN 4961 | -9/Exiles | Met EX-HEX 4988 | -9/Exiles | Met EX-BIN 5001 | -9/Exiles | Met EX-DEC 5057 | -9/Exiles | Discovered new exit (range 12) 5068 | -9/Exiles | Entered Mines 5969 | -8/Mines | Discovered new exit (range 7) 6228 | -8/Mines | Entered Materials 6228 | -8/Materials | Evolved 2 slots: Propulsion x1, Utility x1 6606 | -8/Materials | Discovered new exit (range 4) 7172 | -8/Materials | Discovered new exit (range 16) 7185 | -8/Materials | Build established: Mutant 7681 | -8/Materials | Identified exit to Garrison 7681 | -8/Materials | Entered Garrison 7721 | -8/Garrison | Discovered new exit (range 49) 7721 | -8/Garrison | Discovered new exit (range 50) 7721 | -8/Garrison | Discovered new exit (range 71) 7753 | -8/Garrison | Installed Relay Interface Framework 7785 | -8/Garrison | Triggered checkpoint 7809 | -8/Garrison | Build established: Scavenger-Mutant 7856 | -8/Garrison | Garrison Relay disabled 7973 | -8/Garrison | Triggered checkpoint 8166 | -8/Garrison | Build established: Bothacker-Mutant 8259 | -8/Garrison | Garrison Relay disabled 8309 | -8/Garrison | Triggered checkpoint 8405 | -8/Garrison | P-60 Hacker assimilated allied Defender 3a 8550 | -8/Garrison | Garrison Relay disabled 8565 | -8/Garrison | Garrison Relay disabled 8681 | -8/Garrison | Warlord forces raided the area 8719 | -8/Garrison | Expanded RIF knowledge: Alert ID Control 8727 | -8/Garrison | Triggered checkpoint 8977 | -8/Garrison | Entered Materials 9640 | -8/Materials | Discovered new exit (range 9) 10196 | -8/Materials | Core integrity fell below 50% 10238 | -8/Materials | Discovered new exit (range 16) 10282 | -8/Materials | Identified exit to Garrison 10282 | -8/Materials | Entered Garrison 10316 | -8/Garrison | Expanded RIF knowledge: Structural Interface 10380 | -8/Garrison | Garrison Relay disabled 10468 | -8/Garrison | Triggered checkpoint 10563 | -8/Garrison | Triggered checkpoint 10584 | -8/Garrison | Triggered checkpoint 11092 | -8/Garrison | Triggered checkpoint 11128 | -8/Garrison | Learned Factory security intel 11152 | -8/Garrison | Garrison Relay disabled 11294 | -8/Garrison | Core integrity fell below 20% 11429 | -8/Garrison | Discovered new exit (range 14) 11555 | -8/Garrison | Entered Factory 11555 | -7/Factory | Evolved 2 slots: Utility x2 12109 | -7/Factory | Build established: Scavenger-Mutant 12187 | -7/Factory | Discovered new exit (range 15) 12824 | -7/Factory | Identified exit to Garrison 12824 | -7/Factory | Entered Garrison 12935 | -7/Garrison | Build established: Bothacker-Mutant 13096 | -7/Garrison | Triggered checkpoint 13119 | -7/Garrison | Triggered checkpoint 13143 | -7/Garrison | Lost 5 parts (4n1u) 13146 | -7/Garrison | Lost 3 allies 13251 | -7/Garrison | Expanded RIF knowledge: Hotswap 13388 | -7/Garrison | Triggered checkpoint 13552 | -7/Garrison | Build established: Botlord-Mutant 13610 | -7/Garrison | Triggered checkpoint 13701 | -7/Garrison | Garrison Relay disabled 13864 | -7/Garrison | Discovered new exit (range 12) 14080 | -7/Garrison | Garrison Relay disabled 14180 | -7/Garrison | Discovered new exit (range 15) 14332 | -7/Garrison | Triggered checkpoint 14502 | -7/Garrison | Triggered checkpoint 14576 | -7/Garrison | Garrison Relay disabled 14828 | -7/Garrison | Discovered new exit (range 13) 15108 | -7/Garrison | Triggered checkpoint 15211 | -7/Garrison | Garrison Relay disabled 15378 | -7/Garrison | Garrison Relay disabled 15524 | -7/Garrison | Entered Factory 15524 | -6/Factory | Evolved 2 slots: Utility x2 15834 | -6/Factory | Lost 6 parts (1p3n2u) 16070 | -6/Factory | Garrison activated, responded to threat 16158 | -6/Factory | Sucked down chute 16158 | -6/Factory | Entered Waste 16181 | -6/Waste | Spotted C-40 Crusher 16194 | -6/Waste | Spotted C-40 Crusher 16198 | -6/Waste | Spotted C-40 Crusher 16198 | -6/Waste | Spotted C-40 Crusher 16200 | -6/Waste | Spotted C-40 Crusher 16222 | -6/Waste | Spotted C-40 Crusher 16257 | -6/Waste | Discovered new exit (range 12) 16267 | -6/Waste | Entered Factory 17039 | -6/Factory | Garrison activated, responded to threat 17054 | -6/Factory | Discovered new exit (range 11) 17070 | -6/Factory | Entered Extension 18142 | -6/Extension | Rescued a captive Derelict 18318 | -6/Extension | Rescued A7 18348 | -6/Extension | Rescued a captive Derelict 18349 | -6/Extension | Rescued a captive Derelict 18591 | -6/Extension | Discovered new exit (range 10) 18592 | -6/Extension | Discovered new exit (range 6) 18797 | -6/Extension | Entered Factory 18797 | -5/Factory | Accompanied by 13 allies (A7) 18797 | -5/Factory | Evolved 2 slots: Utility x2 18843 | -5/Factory | Identified exit to Garrison 18843 | -5/Factory | Entered Garrison 18843 | -5/Garrison | Accompanied by 11 allies 18951 | -5/Garrison | Triggered checkpoint 19035 | -5/Garrison | Lost 9 allies 19053 | -5/Garrison | Triggered checkpoint 19097 | -5/Garrison | Lost 6 parts (1p4n1u) 19395 | -5/Garrison | Garrison Relay disabled 19473 | -5/Garrison | Discovered new exit (range 14) 19500 | -5/Garrison | Expanded RIF knowledge: Coupler Efficiency 19742 | -5/Garrison | Garrison Relay disabled 19893 | -5/Garrison | Triggered checkpoint 19895 | -5/Garrison | Triggered checkpoint 20002 | -5/Garrison | Garrison Relay disabled 20081 | -5/Garrison | Discovered new exit (range 13) 20155 | -5/Garrison | Entered Factory 20841 | -5/Factory | Identified exit to Garrison 20841 | -5/Factory | Entered Garrison 21089 | -5/Garrison | Triggered checkpoint 21301 | -5/Garrison | Spotted B-75 Beast 21312 | -5/Garrison | Core integrity fell below 50% 21321 | -5/Garrison | Lost 13 parts (1p1n6u5w) 21329 | -5/Garrison | Expanded RIF knowledge: Coupler Efficiency 21335 | -5/Garrison | Core integrity fell below 20% 21343 | -5/Garrison | Destroyed by Y-64 Sentinel with KE Penetrator Last Messages --------------- 21297_ Imp. Hacking Suite severed. 21300_ C-35 Carver destroyed. 21302_ Acquired Lyr. Light Armor Plating. 21306_ Acquired 30 matter. 21308_ Slammed into C-35 Carver. 21312_ Destabilizing: Core damaged (-10). Initiating installation procedure... 21329_ Expanded RIF knowledge: Coupler Efficiency. 21329_ Expanded Relay Coupler [Hunter] code count to 30. 21329_ Expanded Relay Coupler [Behemoth] code count to 21. 21330_ Slammed into C-35 Carver. 21331_ Destabilizing: System corrupted (+2). 21334_ Slammed into G-50 Soldier. 21335_ Slammed into C-35 Carver. 21336_ System corrupted: Energy discharge (-29). 21336_ Slammed into P-70 Sage. 21339_ Penetrated by Slug. Map ----- +----------------------------------------------------+ | ?????????????????????????????????????????????????? | | ?????????????????????????????????????????????????? | | ?????????????????????????????????????????????????? | | ?????????????????????????????????????????????????? | | ?????????????????????????????????????????????????? | | ?????????????????????????????????????????????????? | | ?????????????????????????????????????????????????? | | ?????????????????????????????????????????????????? | | ?????????????????????????????????????????????????? | | ?????????????????????????????????????????????????? | | ?????????????#####???????????????????????????????? | | ?????????????#"""#???????????????????????????????? | | ?????????????#" "#???????????????????????????????? | | ?????????????#" "#???????????????????????????????? | | ?????????????#" "#???????????????????????????????? | | ?????????????# #???????????????????????????????? | | ?????????????## ##???????????????????????????????? | | ??????????????# #????????????????????????????????? | | ??????????????# #?#######????????????????????????? | | ??????????????# #?# #????????????????????????? | | ?????????###### ### ###??????????????????????? | | ?????????# #??????????????????????? | | ?????????## ######+#### #??????????????????????? | | ?????????#""""?????# #??# #????###???????????????? | | ?????????####??????# #??#c#???##"##??????????????? | | ?????????????###???# #??#@#???# #??????????????? | | ???????????###"#???# ####Y##### #??????????????? | | ???????????# ##??# + B!= #??????????????? | | ???????????# # ##?# ## B #??????????????? | | ???????????# #?# ## #######+##??????????????? | | ???????????## #?# ## #?????# #???????????????? | | ???????????# ##?# ## #?????# #???????????????? | | ???????????## ###??# ## #????## #???????????????? | | ????????????# ###### ## #????# ##??????????????? | | ????????????# + #????# * #??????????????? | | ????????????# ######### ^#?#### ####???????????? | | ????????????# #???????#! #?# #???????????? | | ????????????# #???????#![#?# #???????????? | | ????????""??#+#???????#=]#?# #???????????? | | ??????? ########[=### " #???????????? | | ??????? ==!!!!!=="[ = """ """"#?????????? | | ??????? *%!!*= =*### " "###?????????? | | ???????????# ###########?# "#???????????? | | ???????????????????????????# " "#???????????? | | ???????????????????????????# """""#???????????? | | ???????????????????????????###########???????????? | | ?????????????????????????????????????????????????? | | ?????????????????????????????????????????????????? | | ?????????????????????????????????????????????????? | | ?????????????????????????????????????????????????? | +----------------------------------------------------+ Best States ------------- Heat Dissipation 40 Energy Generation 18 Energy Capacity 310 Matter Stores 300 Matter Capacity 300 Sight Range 16 Terrain Scan Density 10 Corruption Block 8 Armor Coverage 525 Evasion (%) 55 Recoil Reduction 3 Offensive Hacking 12 Relay Coupler Types 4 Relay Coupler Value 128 Item Schematics ----------------- ECM Suite | -9/Materials | Scanalyzed Adv. Beam Cannon | -9/Materials | Scanalyzed Arm. Wheel | -9/Materials | Scanalyzed Seismic Detector | -9/Materials | Scanalyzed Hcp. Storage Unit | -9/Materials | Scanalyzed Hrd. Light Armor Plating | -9/Materials | Scanalyzed Hacking Suite | -9/Materials | Scanalyzed Grenade Launcher | -9/Materials | Scanalyzed Structural Scanner | -9/Materials | Scanalyzed Machine Analyzer | -9/Materials | Scanalyzed Hvy. EM Pulse Gun | -9/Materials | Scanalyzed Datajack | -9/Materials | Scanalyzed Mining Laser | -9/Materials | Scanalyzed Particle Gun | -9/Materials | Scanalyzed Spread Laser | -9/Materials | Scanalyzed Trap Extractor | -8/Materials | Scanalyzed Imp. Signal Interpreter | -8/Materials | Scanalyzed Robot Schematics ------------------ None Fabricated ------------ Nothing Alien Tech Used ----------------- None Achievements -------------- None Challenges ------------ None Game ------ Seed StealthAngularSink Manual? 0 Play Time 03:19:39 Cumulative 148.8 hours Start 2024.10.31 @ 12:45:44 End 2024.10.31 @ 17:08:31 Sessions 5 Manual Loads 0 Difficulty Rogue Special Mode None Game No. 96 Rogue 93 Adventurer 3 Explorer 0 Win Type - Total 1 Types 1/0/0/0/0/0/0/0/0 Lore% 51 Gallery% 57 Achievement% 46 Wizard Run 0 Options --------- Layout 1 ASCII 0 Keyboard 1 Movement Vi Keybinds 0 Fullscreen 1 Font 28/SmallcapsGlow Map View 50x43 Zoom Use 0% Tactical HUD 1 Map Filters NONE Filters NONE Steam 1 RUN: 29fc8c43-beef-48e6-905a-3df9184fd370